 Dungeon Crawl Stone Soup version 0.29.0-4-gdea44cf6ec (webtiles) character file.

Game seed: 17890236501660572149

5891 qw the Cleaver (level 10, -4/64 HPs)
             Began as a Gargoyle Fighter on Sept 6, 2022.
             Was an Elder of Okawaru.
             Slain by a komodo dragon (12 damage)
             ... on level 1 of the Lair of Beasts.
             The game lasted 00:03:52 (8810 turns).

qw the Cleaver (Gargoyle Fighter)                   Turns: 8810, Time: 00:03:52

Health: -4/64      AC: 24    Str: 31    XL:     10   Next: 82%
Magic:  12/13      EV: 14    Int:  8    God:    Okawaru [****..]
Gold:   455        SH:  6    Dex:  9    Spells: 9/9 levels left

rFire   . . .      SeeInvis .   Y - +3 war axe
rCold   . . .      Faith    .   c - +0 buckler
rNeg    + . .      Spirit   .   n - +0 plate armour
rPois   inf        Reflect  .   (no helmet)
rElec   +          Harm     .   o - +0 cloak
rCorr   .          Rampage  .   (no gloves)
Will    .....                   (no boots)
Stlth   ..........              (no amulet)
HPRegen 0.20/turn               e - +4 ring of evasion
MPRegen 0.13/turn               j - +6 ring of strength

@: about to teleport, heroic
A: sickness immunity, AC +7, negative energy resistance 1, electricity
resistance, torment resistance 1, petrification resistance
a: Renounce Religion, Heroism, Finesse


You were on level 1 of the Lair of Beasts.
You worshipped Okawaru.
Okawaru was greatly pleased with you.
You visited 3 branches of the dungeon, and saw 10 of its levels.

You collected 455 gold pieces.


Innate Abilities, Weirdness & Mutations

You are immune to sickness and miasma.
Your stone body is resilient. (AC +7)
You are immune to poison.
You resist negative energy. (rN+)
You are resistant to electric shocks. (rElec)
You are resistant to unholy torment.
You are immune to petrification.


   Skills:
 - Level 8.0(13.0) Fighting
 - Level 11.1(16.1) Axes
 - Level 7.1(12.1) Armour
 + Level 1.9(6.9) Dodging
 - Level 5.0(10.0) Shields
 + Level 4.0 Invocations


You had 9 spell levels left.
You didn't know any spells.
Your spell library was empty.

Inventory:

Hand Weapons
 b - a +0 morningstar
 Y - a +3 war axe (weapon)
Armour
 c - a +0 buckler (worn)
 l - the +0 pair of gloves of Loss {Harm}
   (You found it on level 7 of the Dungeon)

   Harm:      It increases damage dealt and taken.
 n - a +0 plate armour (worn)
 o - a +0 cloak (worn)
Jewellery
 e - a +4 ring of evasion (left hand)
 j - a +6 ring of strength (right hand)
Scrolls
 a - a scroll of identify
 f - a scroll of blinking
 h - 2 scrolls of teleportation
Potions
 d - 2 potions of might
 g - 2 potions of curing
 i - a potion of magic
 k - 2 potions of cancellation
 m - a potion of haste
 p - a potion of attraction

Dungeon Overview and Level Annotations

Branches:
Dungeon (8/15)             Temple (1/1) D:5            Lair (1/5) D:8

Altars:
Ashenzari
Cheibriados
Dithmenos
Elyvilon
Okawaru
Qazlal
Sif Muna
Uskayaw
Vehumet
Wu Jian
Yredelemnul
Zin
The Shining One

Shops:
D:1 [

Annotations:
D:7 3 runed translucent doors, qw's ghost, novice MiFi
D:8 3 runed translucent doors, qw's ghost, amateur TrCA


Message History

You hit the basilisk.
The basilisk is moderately wounded.
You hit the komodo dragon.
The komodo dragon bites you but does no damage.
You barely miss the basilisk.
The basilisk is moderately wounded.
You hit the komodo dragon. The basilisk bites you.
You block the komodo dragon's attack.
You slash the basilisk!
The basilisk is severely wounded.
You closely miss the komodo dragon. The basilisk barely misses you.
You closely miss the basilisk.
The basilisk is severely wounded.
You closely miss the komodo dragon. You block the komodo dragon's attack.
The basilisk barely misses you.
You hit the basilisk.
The basilisk is severely wounded.
You hit the komodo dragon. The komodo dragon bites you!!
You slash the basilisk!
You kill the basilisk!
Okawaru accepts your kill.
You can now speed up your combat.
You hit the komodo dragon.
Your base Armour skill increases to level 7!
You hit the komodo dragon but do no damage.
The komodo dragon is heavily wounded.
The komodo dragon bites you but does no damage.
You hit the komodo dragon but do no damage.
The komodo dragon is heavily wounded.
The komodo dragon bites you!!
8809 ||| READING 3 scrolls of teleportation.
As you read the scroll of teleportation, it crumbles to dust.
You feel strangely unstable.
The komodo dragon hisses menacingly.
The komodo dragon barely misses you.
You slash the komodo dragon!
The komodo dragon is severely wounded.
The komodo dragon bites you!
You die...

P..# ###..#
#....# ##. P...
#...##... #
....#...# ......
# #....%l#
#........ #
#..@# #........
# #...##
#.......# #
###..# .......#
# ##.##
#.....#####
##.### #..#.....
##.P#####..%.###
#...#......## #
##.....#.### #
##.###### #


You could see a komodo dragon.

Vanquished Creatures
  A cyclops (D:7)
  Maurice (D:8)
  A komodo dragon (D:8)
  6 dream sheep (Lair:1)
  3 yaks (D:8)
  A basilisk (Lair:1)
  A steam dragon (D:7)
  A water moccasin (D:5)
  3 ice beasts
  A sky beast (D:7)
  2 black bears
  4 centaurs
  2 phantoms (D:5)
  A kobold brigand (D:8)
  9 bullfrogs
  3 scorpions (D:5)
  4 killer bees
  3 howler monkeys
  A crimson imp (D:8)
  5 jellies
  3 orc priests
  A gnoll bouda (D:7)
  4 hounds
  Terence (D:2)
  2 iguanas
  Ijyb (D:3)
  Natasha (thrice) (D:2)
  3 orc wizards
  2 adders
  8 gnolls
  A river rat (D:5)
  2 shadow imps
  2 white imps
  An ufetubus (D:5)
  2 worms
  5 dart slugs
  28 orcs
  7 ball pythons
  8 bats
  8 endoplasms
  5 giant cockroaches
  11 goblins
  6 hobgoblins
  6 jackals
  10 quokkas
  4 frilled lizards
  A goblin skeleton (D:8)
  5 hobgoblin zombies (D:8)
  8 kobolds
  A kobold skeleton (D:8)
  A kobold zombie (D:8)
  2 orc zombies (D:8)
  5 rats
210 creatures vanquished.

Vanquished Creatures (others)
  21 plants (D:8)
21 creatures vanquished.

Grand Total: 231 creatures vanquished

Notes
Turn   | Place    | Note
-------+----------+-------------------------------------------
     0 | D:1      | qw the Gargoyle Fighter began the quest for the Orb.
     0 | D:1      | Reached XP level 1. HP: 14/14 MP: 1/1
     0 | D:1      | 0 ||| qw: Version: 0.1-a-107-g9ff403c
     0 | D:1      | 0 ||| qw: Game counter: 6114
     0 | D:1      | 0 ||| qw: Always use a shield: true
     0 | D:1      | 0 ||| qw: God list: Okawaru
     0 | D:1      | 0 ||| qw: Allow faded altars: false
     0 | D:1      | 0 ||| qw: Do Orc after D:15 true
     0 | D:1      | 0 ||| qw: Do second Lair branch before Depths: true
     0 | D:1      | 0 ||| qw: Lair rune preference: random
     0 | D:1      | 0 ||| qw: Plans: Normal, Zot, God:TSO, Crypt, Tomb, Zig,
                  | Orb
     0 | D:1      | 0 ||| PLANNING D:1-11
    78 | D:1      | Reached skill level 2 in Axes
   421 | D:1      | Reached XP level 2. HP: 17/19 MP: 2/2
   448 | D:1      | 448 ||| DROPPING +0 club.
   571 | D:1      | Reached skill level 3 in Axes
   577 | D:1      | 577 ||| Stepping ~*~*~tactically~*~*~ (stealth).
   817 | D:1      | 817 ||| Stepping ~*~*~tactically~*~*~ (stealth).
   820 | D:1      | Reached XP level 3. HP: 23/23 MP: 3/3
   878 | D:1      | Found Meul's Antique Armour Shoppe.
   887 | D:1      | 887 ||| SHOPLISTING pair of crude gloves (256 gold, have
                  | 60).
   887 | D:1      | 887 ||| SHOPLISTING scorched ring mail (243 gold, have 60).
  1212 | D:1      | 1212 ||| UPGRADING to +0 plate armour.
  1222 | D:1      | 1222 ||| DROPPING +0 scale mail.
  1223 | D:1      | 1223 ||| UPGRADING to +4 ring of evasion.
  1224 | D:1      | 1224 ||| UPGRADING to +6 ring of strength.
  1225 | D:1      | 1225 ||| READING 2 scrolls labelled GESISI KAIGOD.
  1226 | D:1      | 1226 ||| READING scroll labelled FYITAX WUDGH.
  1231 | D:1      | 1231 ||| READING scroll labelled EDAFEF TUPOR.
  1232 | D:1      | 1232 ||| READING scroll labelled XIEDDO ZYTE.
  1233 | D:1      | 1233 ||| READING scroll labelled KAASU YKUESM.
  1555 | D:2      | Reached XP level 4. HP: 28/28 MP: 4/4
  1558 | D:2      | Noticed Terence
  1570 | D:2      | Killed Terence
  1571 | D:2      | Reached skill level 4 in Axes
  1646 | D:2      | Noticed Natasha
  1647 | D:2      | 1647 ||| Stepping ~*~*~tactically~*~*~ (hiding).
  1651 | D:2      | Killed Natasha
  1652 | D:2      | Reached XP level 5. HP: 32/32 MP: 5/5
  1844 | D:2      | Found a faded altar of an unknown god.
  1891 | D:2      | Noticed Natasha
  1901 | D:2      | Killed Natasha
  1967 | D:2      | Noticed Natasha
  1968 | D:2      | 1968 ||| Stepping ~*~*~tactically~*~*~ (hiding).
  1982 | D:2      | Killed Natasha
  1983 | D:2      | Reached skill level 5 in Axes
  2171 | D:2      | 2171 ||| UPGRADING to amulet of guardian spirit.
  2176 | D:2      | 2176 ||| READING scroll labelled PURPHI XUNITU.
  2177 | D:2      | 2177 ||| DRINKING 2 grey potions.
  2178 | D:2      | 2178 ||| DRINKING 3 ruby potions.
  2179 | D:2      | 2179 ||| READING 2 scrolls of identify.
  2179 | D:2      | 2179 ||| IDENTIFYING smoky red potion
  2180 | D:2      | 2180 ||| DROPPING potion of flight.
  2455 | D:3      | 2455 ||| Stepping ~*~*~tactically~*~*~ (stealth).
  2456 | D:3      | 2456 ||| Stepping ~*~*~tactically~*~*~ (stealth).
  2570 | D:3      | 2570 ||| Stepping ~*~*~tactically~*~*~ (stealth).
  2687 | D:3      | Noticed Ijyb
  2691 | D:3      | HP: 3/33 [disintegration (6)]
  2692 | D:3      | 2692 ||| READING 2 scrolls of teleportation.
  2801 | D:3      | 2801 ||| Stepping ~*~*~tactically~*~*~ (stealth).
  2803 | D:3      | 2803 ||| Stepping ~*~*~tactically~*~*~ (stealth).
  2805 | D:3      | HP: 8/33 [disintegration (8)]
  2806 | D:3      | 2806 ||| READING scroll of teleportation.
  2868 | D:3      | 2868 ||| FLEEEEING.
  2882 | D:3      | 2882 ||| FLEEEEING.
  2883 | D:3      | 2883 ||| FLEEEEING.
  2887 | D:3      | 2887 ||| STAIRDANCE
  3032 | D:2      | 3032 ||| READING 2 scrolls of identify.
  3032 | D:2      | 3032 ||| IDENTIFYING fizzy purple potion
  3033 | D:2      | 3033 ||| DROPPING potion of brilliance.
  3036 | D:3      | 3036 ||| Stepping ~*~*~tactically~*~*~ (stealth).
  3037 | D:3      | 3037 ||| Stepping ~*~*~tactically~*~*~ (stealth).
  3039 | D:3      | 3039 ||| Stepping ~*~*~tactically~*~*~ (hiding).
  3050 | D:3      | HP: 6/33 [disintegration (14)]
  3051 | D:3      | HP: 1/33 [disintegration (5)]
  3052 | D:3      | Killed Ijyb
  3586 | D:4      | 3586 ||| STAIRDANCE
  3615 | D:4      | Reached XP level 6. HP: 38/38 MP: 6/6
  3865 | D:4      | 3865 ||| Stepping ~*~*~tactically~*~*~ (stealth).
  3869 | D:4      | 3869 ||| Stepping ~*~*~tactically~*~*~ (hiding).
  3910 | D:4      | 3910 ||| DROPPING +0 whip.
  3967 | D:4      | 3967 ||| READING scroll of enchant weapon.
  3967 | D:4      | 3967 ||| ENCHANTING +1 war axe.
  4222 | D:4      | 4222 ||| DROPPING orb of mayhem.
  4223 | D:4      | 4223 ||| DROPPING +6 ring of intelligence.
  4224 | D:4      | 4224 ||| READING scroll labelled BYLAAVUOZA.
  4225 | D:4      | 4225 ||| READING 2 scrolls labelled JOM DUIPNOTETS.
  4226 | D:4      | 4226 ||| READING scroll labelled XUH BYGAKO YXA.
  4227 | D:4      | 4227 ||| READING 2 scrolls labelled XAJAC DICSILO.
  4228 | D:4      | 4228 ||| DROPPING scroll of noise.
  4229 | D:4      | 4229 ||| DROPPING scroll of amnesia.
  4269 | D:5      | Entered Level 5 of the Dungeon
  4270 | D:5      | 4270 ||| PLANNING SEWER
  4270 | D:5      | 4270 ||| Stepping ~*~*~tactically~*~*~ (hiding).
  4284 | D:5      | Reached skill level 6 in Axes
  4290 | D:5      | Reached XP level 7. HP: 27/43 MP: 5/7
  4412 | D:5      | Reached skill level 1 in Dodging
  4537 | D:5      | Found a staircase to the Ecumenical Temple.
  4538 | D:5      | 4538 ||| PLANNING TEMPLE
  4538 | D:5      | 4538 ||| DRINKING 2 dark potions.
  4539 | D:5      | 4539 ||| READING 3 scrolls of identify.
  4539 | D:5      | 4539 ||| IDENTIFYING golden potion
  4540 | D:5      | 4540 ||| DROPPING potion of invisibility.
  4541 | D:5      | 4541 ||| DROPPING potion of degeneration.
  4547 | Temple   | Entered the Ecumenical Temple
  4559 | Temple   | Became a worshipper of Warmaster Okawaru
  4560 | Temple   | 4560 ||| REMOVING amulet of guardian spirit.
  4576 | Temple   | 4576 ||| PLANNING SEWER
  4576 | Temple   | 4576 ||| DROPPING amulet of guardian spirit.
  4766 | D:5      | Reached skill level 7 in Axes
  4780 | D:5      | Reached XP level 8. HP: 34/48 MP: 8/8
  4793 | D:5      | 4793 ||| FLEEEEING.
  4794 | D:5      | 4794 ||| FLEEEEING.
  4795 | D:5      | 4795 ||| FLEEEEING.
  4796 | D:5      | 4796 ||| FLEEEEING.
  4797 | D:5      | 4797 ||| FLEEEEING.
  4798 | D:5      | 4798 ||| STAIRDANCE
  4870 | D:5      | 4870 ||| DROPPING +0 flail.
  4876 | D:5      | 4876 ||| Stepping ~*~*~tactically~*~*~ (hiding).
  4967 | D:5      | 4967 ||| RIP SEWER
  5025 | D:5      | 5025 ||| PLANNING D:1-11
  5423 | D:6      | Found a stormy altar of Qazlal.
  5438 | D:6      | 5438 ||| Stepping ~*~*~tactically~*~*~ (stealth).
  5531 | D:6      | 5531 ||| Stepping ~*~*~tactically~*~*~ (stealth).
  5540 | D:6      | Reached * piety under Okawaru
  5565 | D:6      | 5565 ||| Stepping ~*~*~tactically~*~*~ (stealth).
  5591 | D:6      | 5591 ||| Stepping ~*~*~tactically~*~*~ (stealth).
  5592 | D:6      | 5592 ||| Stepping ~*~*~tactically~*~*~ (stealth).
  5593 | D:6      | 5593 ||| Stepping ~*~*~tactically~*~*~ (stealth).
  5594 | D:6      | 5594 ||| Stepping ~*~*~tactically~*~*~ (stealth).
  5596 | D:6      | 5596 ||| Stepping ~*~*~tactically~*~*~ (stealth).
  5597 | D:6      | 5597 ||| INVOKING Heroism.
  5602 | D:6      | Reached skill level 1 in Invocations
  5632 | D:6      | 5632 ||| INVOKING Heroism.
  5706 | D:6      | Reached skill level 8 in Axes
  5761 | D:6      | 5761 ||| Stepping ~*~*~tactically~*~*~ (stealth).
  5770 | D:6      | 5770 ||| Stepping ~*~*~tactically~*~*~ (stealth).
  5771 | D:6      | 5771 ||| Stepping ~*~*~tactically~*~*~ (stealth).
  5872 | D:6      | 5872 ||| INVOKING Heroism.
  5883 | D:6      | Reached skill level 3 in Invocations
  5952 | D:6      | Found a shimmering blue altar of Sif Muna.
  5952 | D:6      | Found a basalt altar of Yredelemnul.
  5952 | D:6      | Found a snail-covered altar of Cheibriados.
  5952 | D:6      | Found a shadowy altar of Dithmenos.
  6056 | D:6      | 6056 ||| READING scroll of enchant weapon.
  6056 | D:6      | 6056 ||| ENCHANTING +2 war axe.
  6235 | D:6      | 6235 ||| READING scroll labelled BOECZE GEMMYOK.
  6278 | D:7      | 6278 ||| INVOKING Heroism.
  6279 | D:7      | 6279 ||| STAIRDANCE
  6296 | D:7      | 6296 ||| STAIRDANCE
  6303 | D:7      | 6303 ||| STAIRDANCE
  6317 | D:7      | 6317 ||| Stepping ~*~*~tactically~*~*~ (hiding).
  6319 | D:7      | 6319 ||| Stepping ~*~*~tactically~*~*~ (hiding).
  6321 | D:7      | 6321 ||| Stepping ~*~*~tactically~*~*~ (hiding).
  6322 | D:7      | 6322 ||| INVOKING Heroism.
  6331 | D:7      | Reached skill level 6 in Fighting
  6333 | D:7      | 6333 ||| STAIRDANCE
  6357 | D:7      | 6357 ||| Stepping ~*~*~tactically~*~*~ (hiding).
  6358 | D:7      | 6358 ||| Stepping ~*~*~tactically~*~*~ (hiding).
  6362 | D:7      | 6362 ||| Stepping ~*~*~tactically~*~*~ (hiding).
  6363 | D:7      | 6363 ||| Stepping ~*~*~tactically~*~*~ (hiding).
  6396 | D:7      | 6396 ||| Stepping ~*~*~tactically~*~*~ (stealth).
  6397 | D:7      | 6397 ||| Stepping ~*~*~tactically~*~*~ (stealth).
  6403 | D:7      | 6403 ||| Stepping ~*~*~tactically~*~*~ (hiding).
  6416 | D:7      | Reached XP level 9. HP: 47/55 MP: 12/12
  6475 | D:7      | 6475 ||| INVOKING Heroism.
  6495 | D:7      | Identified the +0 pair of gloves of Loss {Harm}
  6501 | D:7      | 6501 ||| Stepping ~*~*~tactically~*~*~ (hiding).
  6562 | D:7      | 6562 ||| Stepping ~*~*~tactically~*~*~ (stealth).
  6565 | D:7      | 6565 ||| Stepping ~*~*~tactically~*~*~ (stealth).
  6566 | D:7      | 6566 ||| Stepping ~*~*~tactically~*~*~ (stealth).
  6590 | D:7      | Identified the +9 sling of the Changing Scorpion {flame,
                  | rElec rPois Will+ Int+2}
  6695 | D:7      | 6695 ||| INVOKING Heroism.
  6697 | D:7      | Reached skill level 9 in Axes
  6754 | D:7      | Found a runed translucent gate.
  6754 | D:7      | Found a runed translucent gate.
  6754 | D:7      | Found a runed translucent gate.
  6759 | D:7      | Noticed qw's ghost (novice MiFi)
  6974 | D:7      | Noticed a cyclops
  6975 | D:7      | 6975 ||| FLEEEEING.
  7027 | D:7      | 7027 ||| Stepping ~*~*~tactically~*~*~ (stealth).
  7045 | D:7      | 7045 ||| Stepping ~*~*~tactically~*~*~ (stealth).
  7047 | D:7      | 7047 ||| INVOKING Heroism.
  7056 | D:7      | 7056 ||| Stepping ~*~*~tactically~*~*~ (stealth).
  7060 | D:7      | Killed a cyclops
  7060 | D:7      | Reached ** piety under Okawaru
  7061 | D:7      | Reached skill level 6 in Armour
  7079 | D:7      | 7079 ||| INVOKING Heroism.
  7193 | D:7      | 7193 ||| READING scroll labelled REONEU REULOTENGA.
  7194 | D:7      | 7194 ||| READING 3 scrolls of identify.
  7194 | D:7      | 7194 ||| IDENTIFYING fuming green potion
  7195 | D:7      | 7195 ||| READING 2 scrolls of identify.
  7195 | D:7      | 7195 ||| IDENTIFYING amethyst potion
  7218 | D:8      | 7218 ||| INVOKING Heroism.
  7354 | D:8      | 7354 ||| Stepping ~*~*~tactically~*~*~ (hiding).
  7355 | D:8      | 7355 ||| Stepping ~*~*~tactically~*~*~ (hiding).
  7358 | D:8      | 7358 ||| Stepping ~*~*~tactically~*~*~ (hiding).
  7359 | D:8      | 7359 ||| Stepping ~*~*~tactically~*~*~ (hiding).
  7360 | D:8      | 7360 ||| Stepping ~*~*~tactically~*~*~ (hiding).
  7426 | D:8      | Noticed a komodo dragon
  7427 | D:8      | 7427 ||| Stepping ~*~*~tactically~*~*~ (stealth).
  7428 | D:8      | 7428 ||| Stepping ~*~*~tactically~*~*~ (stealth).
  7429 | D:8      | 7429 ||| Stepping ~*~*~tactically~*~*~ (stealth).
  7429 | D:8      | Noticed Maurice
  7430 | D:8      | 7430 ||| Stepping ~*~*~tactically~*~*~ (hiding).
  7435 | D:8      | 7435 ||| INVOKING Heroism.
  7435 | D:8      | Paralysed by Maurice for 4 turns
  7449 | D:8      | Killed a komodo dragon
  7450 | D:8      | Reached XP level 10. HP: 29/63 MP: 11/13
  7451 | D:8      | Killed Maurice
  7451 | D:8      | Reached *** piety under Okawaru
  7452 | D:8      | Reached skill level 10 in Axes
  7521 | D:8      | 7521 ||| FLEEEEING.
  7522 | D:8      | 7522 ||| FLEEEEING.
  7523 | D:8      | 7523 ||| FLEEEEING.
  7524 | D:8      | 7524 ||| FLEEEEING.
  7525 | D:8      | 7525 ||| FLEEEEING.
  7526 | D:8      | 7526 ||| FLEEEEING.
  7527 | D:8      | 7527 ||| FLEEEEING.
  7528 | D:8      | 7528 ||| FLEEEEING.
  7529 | D:8      | 7529 ||| FLEEEEING.
  7530 | D:8      | 7530 ||| FLEEEEING.
  7533 | D:8      | 7533 ||| FLEEEEING.
  7534 | D:8      | 7534 ||| FLEEEEING.
  7539 | D:8      | 7539 ||| FLEEEEING.
  7540 | D:8      | 7540 ||| FLEEEEING.
  7541 | D:8      | 7541 ||| FLEEEEING.
  7542 | D:8      | 7542 ||| FLEEEEING.
  7543 | D:8      | 7543 ||| FLEEEEING.
  7544 | D:8      | 7544 ||| FLEEEEING.
  7545 | D:8      | 7545 ||| FLEEEEING.
  7546 | D:8      | 7546 ||| FLEEEEING.
  7547 | D:8      | 7547 ||| FLEEEEING.
  7548 | D:8      | 7548 ||| FLEEEEING.
  7549 | D:8      | 7549 ||| FLEEEEING.
  7550 | D:8      | 7550 ||| FLEEEEING.
  7551 | D:8      | 7551 ||| STAIRDANCE
  7653 | D:8      | 7653 ||| STAIRDANCE
  7729 | D:8      | Found a staircase to the Lair.
  7771 | D:8      | 7771 ||| Stepping ~*~*~tactically~*~*~ (hiding).
  7779 | D:8      | 7779 ||| INVOKING Heroism.
  7877 | D:8      | 7877 ||| INVOKING Heroism.
  7917 | D:8      | Found a glowing golden altar of the Shining One.
  7919 | D:8      | Found a runed translucent gate.
  7948 | D:8      | 7948 ||| Stepping ~*~*~tactically~*~*~ (stealth).
  7956 | D:8      | Received a gift from Okawaru
  8005 | D:8      | 8005 ||| Stepping ~*~*~tactically~*~*~ (hiding).
  8010 | D:8      | 8010 ||| INVOKING Heroism.
  8374 | D:8      | Found a runed translucent gate.
  8374 | D:8      | Noticed a nine-headed hydra
  8375 | D:8      | Found a runed translucent gate.
  8375 | D:8      | Noticed qw's ghost (amateur TrCA)
  8444 | D:8      | 8444 ||| Stepping ~*~*~tactically~*~*~ (stealth).
  8446 | D:8      | 8446 ||| Stepping ~*~*~tactically~*~*~ (stealth).
  8453 | D:8      | 8453 ||| Stepping ~*~*~tactically~*~*~ (stealth).
  8463 | D:8      | 8463 ||| INVOKING Heroism.
  8668 | D:8      | 8668 ||| PLANNING LAIR
  8668 | D:8      | 8668 ||| UPGRADING to +0 cloak.
  8673 | D:8      | 8673 ||| READING 2 scrolls of identify.
  8673 | D:8      | 8673 ||| IDENTIFYING murky sapphire potion
  8712 | Lair:1   | Entered Level 1 of the Lair of Beasts
  8734 | Lair:1   | 8734 ||| INVOKING Heroism.
  8748 | Lair:1   | Reached skill level 11 in Axes
  8795 | Lair:1   | 8795 ||| INVOKING Heroism.
  8806 | Lair:1   | Reached **** piety under Okawaru
  8808 | Lair:1   | HP: 8/64 [komodo dragon (23)]
  8809 | Lair:1   | 8809 ||| READING 3 scrolls of teleportation.
  8810 | Lair:1   | Slain by a komodo dragon

Levels and vault maps discovered:
D:1:      lightli_arrival_isolated_outpost, layout_loops_ring, serial_shops,
          shop, minmay_nonomino_d4
D:2:      layout_rooms, shapermc_ecumenical_altar_mp_vishouse, uniq_natasha,
          uniq_terence
D:3:      layout_loops_ring, uniq_ijyb
D:4:      layout_gridville, kennysheep_minor_cross
D:5:      layout_cave_pools, minmay_temple_entry_hall, gup_sewer_entry_spiral
D:6:      layout_loops_ring, nicolae_qazlal_eye_of_the_storm,
          grunt_temple_overflow_cloverleaf
D:7:      layout_rooms, ebering_ghost_rock_garden, minmay_misc_feat_iff,
          corexii_corridor_pit, minmay_manual_mullet
D:8:      layout_cave_pods, nicolae_tso_besieged_by_evil, david_lair_shrubbed,
          gammafunk_ghost_hydra_chop, minivault_25,
          amcnicky_mini_rare_corridor_liquid, uniq_maurice
Temple:   nicolae_temple_bog_church
Lair:1:   layout_cave_pods, lemuel_oklob_altar

Skill      XL: |  1  2  3  4  5  6  7  8  9 10 |
---------------+-------------------------------+-----
Axes           | 2 3 4 5 6 7 8 9 11 | 11.1
Fighting       | 4 6 7 8 |  8.0
Dodging        | 1 |  1.9
Armour         | 4 6 7 |  7.1
Invocations    | 4 |  4.0
Shields        | 4 5 |  5.0

Action                   |  1- 3 |  4- 6 |  7- 9 | 10-12 || total
-------------------------+-------+-------+-------+-------++-------
Melee: War axe           |   101 |   154 |   279 |    92 ||   626
       Unarmed           |       |     1 |       |       ||     1
Invok: Heroism           |       |       |    11 |     6 ||    17
  Use: Scroll            |     5 |    10 |     6 |     2 ||    23
       Potion            |       |     2 |     1 |       ||     3
Armor: Scale mail        |    28 |       |       |       ||    28
       Plate armour      |    23 |    77 |   154 |    32 ||   286
Dodge: Dodged            |    47 |    76 |   159 |    51 ||   333
Block: Buckler           |    16 |    39 |    57 |    14 ||   126

Table legend:
 A = Non-vault XP
 B = Vault XP
 C = Vault XP percentage of total XP
 D = Non-vault monster count
 E = Vault monster count
 F = Vault count percentage of total count
                 A         B        C        D         E       F
            +---------+---------+-------+---------+---------+-------
      Total |    6287 |    2129 |  25.3 |     174 |      36 |  17.1
            +---------+---------+-------+---------+---------+-------
        D:1 |      35 |       9 |  20.5 |      20 |       6 |  23.1
        D:2 |     129 |      73 |  36.1 |      24 |       2 |   7.7
        D:3 |      33 |      36 |  52.2 |      17 |       1 |   5.6
        D:4 |     164 |       0 |   0.0 |      16 |       0 |   0.0
        D:5 |     934 |      28 |   2.9 |      19 |       8 |  29.6
        D:6 |     723 |       0 |   0.0 |      22 |       0 |   0.0
        D:7 |     843 |    1108 |  56.8 |      19 |       6 |  24.0
        D:8 |    1706 |     875 |  33.9 |      30 |      13 |  30.2
     Lair:1 |    1720 |       0 |   0.0 |       7 |       0 |   0.0
            +---------+---------+-------+---------+---------+-------
